 Dungeon Sprint DCSS version 0.21-a0-401-g0b6bec4 (webtiles) character file.

1199 theanonym the Basher (level 8, -3/57 HPs)
             Began as a Gargoyle Fighter on Oct 21, 2017.
             Was an Initiate of Makhleb.
             Slain by Erica
             ... wielding a +3 scimitar of flaming
              (11 damage)
             ... in the Dungeon (Sprint III: "The Ten Rune Challenge").
             The game lasted 00:05:09 (785 turns).

theanonym the Basher (Gargoyle Fighter)              Turns: 785, Time: 00:05:10

Health: -3/57      AC: 14    Str: 22      XL:     8   Next: 44%
Magic:  8/8        EV:  8    Int:  8 (9)  God:    Makhleb [......]
Gold:   47         SH:  0    Dex:  7 (9)  Spells: 7/7 levels left

rFire    . . .     SeeInvis .   a - +0 flail
rCold    . . .     Gourm    .   c - +0 shield
rNeg     + . .     Faith    .   b - +0 scale mail
rPois    ∞         Spirit   .   (no helmet)
rElec    +         Reflect  .   (no cloak)
rCorr    .         Harm     .   (no gloves)
MR       .....     NoTele   +   (no boots)
Stlth    ..........             (no amulet)
HPRegen  0.19/turn              (no ring)
MPRegen  0.11/turn              (no ring)

@: confused
A: large bone plates 1, negative energy resistance 1, sense surroundings 1,
electricity resistance, unbreathing, petrification resistance, rot immunity,
subdued magic 1, AC +5
a: Renounce Religion


You were in the Dungeon.
You worshipped Makhleb.
Makhleb was noncommittal.
You were not hungry.

You visited 1 branch You collected 47 gold pieces.

Inventory:

Hand Weapons
 a - a +0 flail (weapon)
Armour
 b - a +0 scale mail (worn)
 c - a +0 shield (worn)
Scrolls
 g - 2 scrolls of immolation
 n - 2 scrolls of remove curse
Potions
 d - 3 potions of mutation {!q}
 i - 2 potions of magic
 o - 4 potions of flight
Miscellaneous
 e - a phantom mirror
Comestibles
 f - 3 bread rations
 h - a royal jelly


   Skills:
 + Level 9.6 Fighting
 * Level 11.3 Maces & Flails
 + Level 9.6 Armour
 + Level 9.6 Shields
 + Level 0.0 Invocations


You had 7 spell levels left.
You didn't know any spells.

Dungeon Overview and Level Annotations

Branches:
Dungeon (1/1)

Altars:
Cheibriados
Dithmenos
Elyvilon
Fedhas
Gozag
Hepliaklqana
Makhleb
Nemelex Xobeh
Okawaru
Qazlal
Ru
Trog
Uskayaw
Wu Jian
Xom
Yredelemnul
Zin
The Shining One
Beogh
Jiyva
Lugonu

Annotations:
D Erica


Innate Abilities, Weirdness & Mutations

You are resistant to torment.
Your stone body is resilient. (AC +5)
You are immune to poison.
You resist negative energy. (rN+)
You are resistant to electric shocks. (rElec)
You can survive without breathing.
You are immune to petrification.
You are immune to rotting.
You are partially covered in large bone plates. (SH +4)
You passively map a small area around you.
Your spells are a little easier to cast, but a little less powerful.


Message History

There is a sparkling altar of Nemelex Xobeh here.
There is a hazy altar of Hepliaklqana here.
Health restored: 57
There is a snail-covered altar of Cheibriados here.
There is an open door here.
Unknown command.
You open the door.
There is an open door here.
Erica the Fiery-Tempered comes into view.
She is wielding a scimitar of flaming.
Erica shouts!
As you open the door, it creaks loudly!
You hear a shout! x9
Found 36 gold pieces.
You close the door.
You hear a shout!
You block Erica's attack.
You hear a shout!
You bludgeon Erica!! You barely miss Erica.
Erica hits you with a scimitar of flaming.
Erica burns you.
You take 2 damage, and have 55/57 hp.
You closely miss Erica.
Erica splashes around in the water.
You hit Erica but do no damage.
Erica splashes around in the water.
You hit Erica. You hit Erica. Erica gestures at you while chanting.
The bolt of poison hits you! You resist.
Something unseen opens the door.
An orc comes into view.
You barely miss Erica. You block Erica's attack.
The orc moves out of view.
A kobold and an orc wizard come into view.
Your shield and scale mail prevent you from hitting Erica.
Unknown command.
You hit Erica.
Erica mumbles some strange words.
Erica flickers and vanishes!
Deactivating autopickup; reactivate with Ctrl-A.
The kobold throws a stone.
You block the stone.
The orc wizard hits you but does no damage.
You block the orc's attack.
An orc comes into view. It is wielding a club.
An orc and an orc warrior come into view.
The orc warrior shouts!
The orc shouts!
The orc moves out of view.
You block the orc wizard's attack.
Found 7 gold pieces.
An orc comes into view. It is wielding a whip.
There is an open door here.
Health restored: 57 You sock something!
You hear some strange, mumbled words.
You are confused.
An orc priest comes into view.
You hear some strange, mumbled words.
An orb of energy appears from out of thin air!
The orb of energy hits you!
You take 25 damage, and have 32/57 hp.
MASSIVE DAMAGE!!
Okay, then.
You hear some strange, mumbled words.
Something tries to affect you, but you resist.
You hear some strange, mumbled words.
A bolt of poison appears from out of thin air!
The bolt of poison hits you! You resist.
You closely miss something. You hit something.
You feel less confused.
You hear some strange, mumbled words.
You are confused.
You miss something. Something hits you but does no damage.
There is an open door here.
You miss the orc.
You hear some strange, mumbled words.
A bolt of poison appears from out of thin air!
The bolt of poison hits you! You resist. The orc barely misses you.
You miss something.
You feel less confused. Something hits you. Something burns you.
You take 3 damage, and have 31/57 hp.
You sock something! Something hits you but does no damage.
You sock something! You barely miss something.
You hear some strange, mumbled words.
You are confused.
You bump into the stone wall.
Something hits you.
* * * LOW HITPOINT WARNING * * *
Something burns you.
* * * LOW HITPOINT WARNING * * *
You take 8 damage, and have 24/57 hp.
You hit something.
You hear some strange, mumbled words.
A bolt of poison appears from out of thin air!
The bolt of poison hits you! You resist.
You completely miss something.
You hear some strange, mumbled words.
You are more confused.
You bump into the stone wall.
Something hits you!
* * * LOW HITPOINT WARNING * * *
Something burns you.
* * * LOW HITPOINT WARNING * * *
You take 17 damage, and have 7/57 hp.
MASSIVE DAMAGE!!
You bump into the stone wall.
Something hits you!
You die...

▓▓▓ *** * # ##.############
,,* #####..#___#___#__#$ ,
* .#..#..#...#__)#._#$$..,
* .#..#..###'#'###'##$.. ,
, .##'#..#.....)....#.oo ,
.###...'.⌠...)..@.#K., * ,
####...#...######{#oo , **
###....#.⌠.#__#.oo#'#####**
*
##.....#...#__#..o#oo§§§+,
#......#+###__#..K#§#§§§#
.#.....# #__#..§'§#§§§#
###....# _#__'...#.#§.§#
▓▓▓▓▓▓ ▓▓▓▓▓▓▓▓▓▓▓▓▓▓ ** *
, * ≈ , , *


You could see an orc wizard, an orc and a kobold.

Vanquished Creatures
  A deep elf mage (D)
  A shadow (D)
  A spatial vortex (D)
  A necrophage (D)
  A water elemental (D)
  A jelly (D)
  Jessica (D)
  A necromancer (D)
  3 humans (D)
  An ooze (D)
  A phantom (D)
  2 rats (D)
15 creatures vanquished.

Vanquished Creatures (others)
  2 draconian scorchers (D)
  A yaktaur (D)
  6 hellions (D)
9 creatures vanquished.

Grand Total: 24 creatures vanquished

Notes
Turn   | Place    | Note
-------+----------+-------------------------------------------
     0 | D        | theanonym the Gargoyle Fighter began the quest for the Orb.
     0 | D        | Reached XP level 1. HP: 14/14 MP: 1/1
    29 | D        | Reached skill level 3 in Maces & Flails
    37 | D        | Noticed Jessica
    42 | D        | Killed Jessica
    42 | D        | Reached skill level 4 in Fighting
    42 | D        | Reached skill level 4 in Maces & Flails
    42 | D        | Reached skill level 4 in Armour
    42 | D        | Reached skill level 4 in Shields
    42 | D        | Reached XP level 2. HP: 16/20 MP: 2/2
    42 | D        | Reached XP level 3. HP: 19/24 MP: 3/3
    55 | D        | Killed a yaktaur
    85 | D        | Killed a hellion
    93 | D        | Gained mutation: Your muscles are strong. (Str +2) [potion of mutation]
    93 | D        | Gained mutation: Your spells are a little easier to cast, but a little less powerful. [potion of mutation]
    93 | D        | Gained mutation: Scrolls take you a little longer to read. [potion of mutation]
    93 | D        | Gained mutation: You passively map a small area around you. [potion of mutation]
    94 | D        | Lost mutation: Your spells are a little easier to cast, but a little less powerful. [potion of mutation]
    94 | D        | Lost mutation: Your muscles are strong. (Str +2) [potion of mutation]
    94 | D        | Gained mutation: Your spells are a little easier to cast, but a little less powerful. [potion of mutation]
    94 | D        | Lost mutation: Scrolls take you a little longer to read. [potion of mutation]
    94 | D        | Gained mutation: You are partially covered in large bone plates. (SH +4) [potion of mutation]
    97 | D        | Noticed a water elemental
    98 | D        | Killed a hellion
   105 | D        | Killed a water elemental
   105 | D        | Reached skill level 5 in Fighting
   105 | D        | Reached skill level 6 in Maces & Flails
   105 | D        | Reached skill level 5 in Armour
   105 | D        | Reached skill level 5 in Shields
   105 | D        | Reached XP level 4. HP: 19/31 MP: 4/4
   109 | D        | Found a glowing silver altar of Zin.
   109 | D        | Killed a hellion
   110 | D        | Found a glowing golden altar of the Shining One.
   110 | D        | Found a white marble altar of Elyvilon.
   110 | D        | Noticed a deep elf mage
   110 | D        | Killed a hellion
   118 | D        | Noticed an ice beast
   119 | D        | Noticed an ice beast
   121 | D        | Noticed an ice beast
   132 | D        | Killed a deep elf mage
   132 | D        | Reached skill level 8 in Fighting
   132 | D        | Reached skill level 9 in Maces & Flails
   132 | D        | Reached skill level 8 in Armour
   132 | D        | Reached skill level 8 in Shields
   132 | D        | Reached XP level 5. HP: 21/39 MP: 5/5
   132 | D        | Reached XP level 6. HP: 23/44 MP: 6/6
   132 | D        | Reached XP level 7. HP: 26/49 MP: 7/7
   134 | D        | Found an ornate altar of the Wu Jian Council.
   134 | D        | Found an iron altar of Okawaru.
   135 | D        | Found a roughly hewn altar of Beogh.
   135 | D        | Found a bloodstained altar of Trog.
   135 | D        | Found a hide-covered altar of Uskayaw.
   135 | D        | Noticed a human
   135 | D        | Noticed a human
   156 | D        | Killed a hellion
   159 | D        | Killed a hellion
   188 | D        | Killed a white draconian scorcher
   200 | D        | Killed a white draconian scorcher
   210 | D        | Killed a human
   210 | D        | Reached skill level 10 in Maces & Flails
   214 | D        | Killed a human
   287 | D        | Found a basalt altar of Yredelemnul.
   287 | D        | Found a shadowy altar of Dithmenos.
   287 | D        | Found a sacrificial altar of Ru.
   298 | D        | Reached skill level 9 in Fighting
   298 | D        | Reached skill level 9 in Armour
   298 | D        | Reached skill level 9 in Shields
   298 | D        | Reached XP level 8. HP: 23/56 MP: 8/8
   546 | D        | Noticed a shadow
   550 | D        | Reached skill level 11 in Maces & Flails
   559 | D        | Killed a shadow
   719 | D        | Found a blossoming altar of Fedhas.
   719 | D        | Found a stormy altar of Qazlal.
   719 | D        | Found a snail-covered altar of Cheibriados.
   719 | D        | Found a burning altar of Makhleb.
   719 | D        | Found a shimmering altar of Xom.
   720 | D        | Found a hazy altar of Hepliaklqana.
   720 | D        | Found an opulent altar of Gozag.
   720 | D        | Found a sparkling altar of Nemelex Xobeh.
   720 | D        | Found a corrupted altar of Lugonu.
   720 | D        | Found a viscous altar of Jiyva.
   723 | D        | Became a worshipper of Makhleb the Destroyer
   750 | D        | Noticed Erica
   785 | D        | Slain by Erica

Vault maps used:
D:        dungeon_sprint_mu

Skill      XL: |  1  2  3  4  5  6  7  8 |
---------------+-------------------------+-----
Maces & Flails | 4 6 9 10 11 | 11.3
Fighting       | 4 5 8 9 |  9.6
Armour         | 4 5 8 9 |  9.6
Shields        | 4 5 8 9 |  9.6

Action                   |  1- 3 |  4- 6 |  7- 9 || total
-------------------------+-------+-------+-------++-------
Melee: Flail             |    30 |    16 |    77 ||   123
  Use: Potion            |     5 |     2 |     1 ||     8
       Scroll            |     3 |       |     1 ||     4
Armor: Scale mail        |     6 |     7 |    14 ||    27
Dodge: Dodged            |     5 |     5 |     9 ||    19
Block: Shield            |    13 |     6 |    32 ||    51

Table legend:
 A = Spawn XP
 B = Non-spawn XP
 C = Spawn XP percentage of total XP
 D = Spawn monster count
 E = Non-spawn monster count
 F = Spawn count percentage of total count
 G = Total turns spent on level
                    A         B        C        D         E        F      G
               +---------+---------+-------+---------+---------+-------+---------
         Total |       0 |    1714 |   0.0 |       0 |      15 |   0.0 |   785
               +---------+---------+-------+---------+---------+-------+---------
             D |       0 |    1714 |   0.0 |       0 |      15 |   0.0 |   785
               +---------+---------+-------+---------+---------+-------+---------
